 Dungeon Crawl Stone Soup version 0.19.0-19-g8c6edcc (webtiles) character file.

318 aeluma the Conjurer (level 6, 0/32 HPs)
             Began as a Deep Elf Conjurer on Nov 10, 2016.
             Was an Initiate of Vehumet.
             Slain by an orc
             ... wielding a +0 hand axe
              (6 damage)
             ... on level 4 of the Dungeon on Nov 14, 2016.
             The game lasted 00:11:49 (4659 turns).

aeluma the Conjurer (Deep Elf Conjurer)             Turns: 4659, Time: 00:11:49

Health: 0/32       AC:  3    Str:  5    XL:     6   Next: 21%
Magic:  0/17       EV: 13    Int: 22    God:    Vehumet [......]
Gold:   108        SH:  0    Dex: 15    Spells: 3 memorised, 9 levels left

rFire  . . .     SeeInvis .     s - +1 dagger
rCold  . . .     Gourm    .     a - +0 robe
rNeg   . . .     Faith    .     (no shield)
rPois  .         Spirit   .     (no helmet)
rElec  .         Reflect  .     f - +0 cloak
rCorr  .         Harm     .     (no gloves)
MR     .....                    (no boots)
Stlth  ++........               (no amulet)
                                (no ring)
                                (no ring)

@: no status effects
A: no striking features
a: Renounce Religion


You were on level 4 of the Dungeon.
You worshipped Vehumet.
Vehumet was noncommittal.
You were not hungry.

You visited 2 branches of the dungeon, and saw 5 of its levels.

You collected 108 gold pieces.

Inventory:

Hand Weapons
 s - a +1 dagger (weapon)
Armour
 a - a +0 robe (worn)
 f - a +0 cloak (worn)
Scrolls
 e - 2 scrolls of identify
 m - a scroll of amnesia {unknown}
 n - a scroll of blinking {unknown}
 q - a scroll of teleportation
 r - 2 scrolls of magic mapping {unknown}
Potions
 l - a potion of mutation {unknown}
 o - a potion of invisibility {unknown}
 p - a potion of ambrosia {unknown}
 t - a potion of agility
 u - a potion of degeneration {unknown}
 v - a potion of flight {unknown}
Books
 b - a book of Conjurations

   Spells                             Type                      Level
   a - Magic Dart                     Conjuration                  1
   b - Searing Ray                    Conjuration                  2
   c - Dazzling Spray                 Conjuration/Hexes            3
   d - Fulminant Prism                Conjuration/Hexes            4
   e - Iskenderun's Mystic Blast      Conjuration                  4
   f - Iskenderun's Battlesphere      Conjuration/Charms           5
 j - a book of Necromancy

   Spells                             Type                      Level
   a - Pain                           Necromancy                   1
   b - Animate Skeleton               Necromancy                   1
   c - Vampiric Draining              Necromancy                   3
   d - Regeneration                   Charms/Necromancy            3
   e - Animate Dead                   Necromancy                   4
   f - Control Undead                 Necromancy                   4
Comestibles
 c - 2 bread rations
 d - a beef jerky
 h - 2 meat rations
 k - 2 royal jellies


   Skills:
 - Level 2.4 Dodging
 - Level 2.4 Stealth
 + Level 6.3 Spellcasting
 + Level 6.8 Conjurations


You had 9 spell levels left.
You knew the following spells:

 Your Spells              Type           Power        Failure   Level  Hunger
a - Magic Dart            Conj           ####         1%          1    None
b - Iskenderun's Mystic   Conj           #####...     8%          4    ###....
c - Dazzling Spray        Conj/Hex       ###...       10%         3    #......


Dungeon Overview and Level Annotations

Branches:
Dungeon (4/15)             Temple (1/1) D:4

Altars:
Ashenzari
Cheibriados
Dithmenos
Elyvilon
Fedhas
Gozag
Hepliaklqana
Kikubaaqudgha
Makhleb
Nemelex Xobeh
Okawaru
Qazlal
Ru
Sif Muna
Trog
Uskayaw
Vehumet
Xom
Zin
The Shining One

Shops:
D:4 :[


Message History

The orc hits you with a hand axe.
* * * LOW HITPOINT WARNING * * *
Casting: Magic Dart
Confirm with . or Enter, or press ? or * to list all spells.
Aiming: Magic Dart
Press: ? - help, Shift-Dir - straight line, f/p - orc
Aim: an orc, wielding a hand axe (moderately wounded)
The magic dart hits the orc.
The orc is heavily wounded.
The orc hits you but does no damage.
You closely miss the orc.
The orc is heavily wounded.
The orc completely misses you.
You barely miss the orc.
The orc is heavily wounded.
The orc closely misses you.
You hit the orc.
The orc is almost dead.
The orc hits you with a hand axe.
You die...

###.......
#.#..... #†#.....
#.#.....
###########
#.#.....
#.........#
#.#.....
#.........#
#.#.....
#.........#
#.#.....
#∩...@....#####)#
#...o)..........#
####.############
#. #[ #. #. #.


You could see an orc.

Vanquished Creatures
  An orc wizard (D:4)
  A centaur skeleton (D:4)
  Natasha (thrice) (D:2)
  2 worker ants (D:4)
  3 adders
  3 worms (D:2)
  A dart slug (D:2)
  3 leopard geckos
  2 orcs (D:4)
  6 giant cockroaches
  5 hobgoblins
  27 jackals
  2 quokkas
  A ball python (D:2)
  7 bats
  4 frilled lizards
  10 goblins
  6 kobolds
  5 rats
92 creatures vanquished.

Notes
Turn   | Place    | Note
-------+----------+-------------------------------------------
     0 | D:1      | aeluma the Deep Elf Conjurer began the quest for the Orb.
     0 | D:1      | Reached XP level 1. HP: 10/10 MP: 6/6
   252 | D:1      | Reached XP level 2. HP: 11/15 MP: 1/8
  1228 | D:1      | Upgraded the game from 0.19.0-16-g73b5abf to 0.19.0-19-g8c6edcc
  1306 | D:2      | Reached skill level 5 in Conjurations
  1455 | D:2      | Reached XP level 3. HP: 19/19 MP: 8/10
  2042 | D:2      | Reached XP level 4. HP: 24/24 MP: 8/12
  2071 | D:2      | Noticed Natasha
  2075 | D:2      | Killed Natasha
  2131 | D:2      | Noticed Natasha
  2135 | D:2      | Killed Natasha
  2135 | D:2      | Reached skill level 5 in Spellcasting
  2164 | D:2      | Noticed Natasha
  2166 | D:2      | Killed Natasha
  2166 | D:2      | Reached XP level 5. HP: 28/28 MP: 8/14
  2646 | D:2      | Learned a level 4 spell: Iskenderun's Mystic Blast
  2650 | D:2      | Learned a level 3 spell: Dazzling Spray
  2994 | D:3      | Found a faded altar of an unknown god.
  3800 | D:4      | Found Yddont Hamel's Antique Armour Shoppe.
  3852 | D:4      | Found a staircase to the Ecumenical Temple.
  3855 | Temple   | Entered the Ecumenical Temple
  3866 | Temple   | Became a worshipper of Vehumet
  4555 | D:4      | Reached XP level 6. HP: 32/32 MP: 6/17
  4639 | D:4      | Found Oseiben's Book Emporium.
  4659 | D:4      | Slain by an orc

Skill      XL: |  1  2  3  4  5 |
---------------+----------------+-----
Conjurations   | 5 6 |  6.8
Spellcasting   | 4 5 6 |  6.3
Dodging        | |  2.4
Stealth        | |  2.4

Action                   |  1- 3 |  4- 6 || total
-------------------------+-------+-------++-------
Melee: Dagger            |    30 |    24 ||    54
       Unarmed           |     5 |       ||     5
 Cast: Magic Dart        |    86 |   101 ||   187
       Iskenderun's Myst |       |     4 ||     4
       Dazzling Spray    |       |     1 ||     1
  Use: Scroll            |     2 |     6 ||     8
       Potion            |       |     5 ||     5
 Stab: Sleeping          |       |     2 ||     2
       Distracted        |       |     1 ||     1
  Eat: Chunk             |     3 |     9 ||    12
Armor: Robe              |    18 |    10 ||    28
       Skin              |       |   106 ||   106
Dodge: Dodged            |    37 |    74 ||   111
